 Dungeon Crawl Stone Soup version 0.25.1-2-g60ff931df9 (webtiles) character file.

Game seed: 17367510041436405162

183714 Peloso the Peltast (level 17, -4/158 HPs)
             Began as a Minotaur Fighter on July 29, 2020.
             Was the Champion of Okawaru.
             Slain by a death yak (28 damage)
             ... summoned by a spriggan berserker
             ... on level 2 of the Elven Halls.
             The game lasted 01:57:28 (45034 turns).

Peloso the Peltast (Minotaur Fighter)              Turns: 45034, Time: 01:57:29

Health: -4/158     AC: 30    Str: 22    XL:     17   Next: 75%
Magic:  27/27      EV: 10    Int:  8    God:    Okawaru [******]
Gold:   2504       SH: 18    Dex: 19    Spells: 16/16 levels left

rFire    + . .     SeeInvis +   a - +6 double sword (elec)
rCold    + + .     Gourm    .   c - +2 kite shield {rC+}
rNeg     + . .     Faith    .   g - +0 plate armour of Raapp {rElec}
rPois    +         Spirit   .   h - +0 hat {Int+3}
rElec    +         Reflect  .   s - +1 cloak {rCorr}
rCorr    +         Harm     .   N - +4 pair of gloves "Liwuveif" {rPois rC+}
MR       ++++.                  G - +3 pair of boots "Sashu" {rElec rPois MR+++ Str-3}
Stlth    ..........             (no amulet)
HPRegen  0.36/turn              o - ring of the Tired People {rPois rF+ rN+ MP+9 SInv}
MPRegen  0.20/turn              j - +6 ring of dexterity

@: no status effects
A: retaliatory headbutt, horns 2
a: Heroism, Finesse, Renounce Religion


You were on level 2 of the Elven Halls.
You worshipped Okawaru.
Okawaru was exalted by your worship.
You were not hungry.

You visited 6 branches of the dungeon, and saw 30 of its levels.
You also visited: Ice Cave and Volcano.

You collected 3902 gold pieces.
You spent 1398 gold pieces at shops.

Inventory:

Hand Weapons
 a - a +6 double sword of electrocution (weapon)
 b - a +3 scimitar of flaming
Armour
 c - a +2 kite shield of cold resistance (worn)
 g - the +0 plate armour of Raapp (worn) {rElec}
   (You bought it in a shop on level 12 of the Dungeon)

   It insulates you from electricity.
 h - a +0 hat of intelligence (worn)
 s - a +1 cloak of preservation (worn)
 t - the +1 pair of gloves of Pandemonium {MR- rCorr Int+3 Slay+5}
   (You found it in an ice cave)

   It affects your intelligence (+3).
   It affects your accuracy and damage with ranged weapons and melee attacks
   (+5).
   It affects your resistance to hostile enchantments.
   It provides partial protection from all sources of acid and corrosion.
 u - a +1 pair of gloves of strength
 G - the +3 pair of boots "Sashu" (worn) {rElec rPois MR+++ Str-3}
   (You found it on level 2 of the Swamp)

   It affects your strength (-3).
   It insulates you from electricity.
   It protects you from poison.
   It affects your resistance to hostile enchantments.
 N - the +4 pair of gloves "Liwuveif" (worn) {rPois rC+}
   (You found it on level 1 of the Lair of Beasts)

   It protects you from cold.
   It protects you from poison.
Jewellery
 e - an uncursed ring of fire
 j - a +6 ring of dexterity (right hand)
 o - the ring of the Tired People (left hand) {rPois rF+ rN+ MP+9 SInv}
   (You found it on level 6 of the Lair of Beasts)

   [ring of see invisible]

   It protects you from fire.
   It protects you from poison.
   It protects you from negative energy.
   It affects your magic capacity (+9).
   It lets you see invisible.
 q - an uncursed ring of ice
 z - an uncursed ring of protection from fire
Wands
 n - a wand of digging (6)
 r - a wand of acid (9)
 B - a wand of disintegration (13)
Scrolls
 d - a scroll of summoning
 k - 5 scrolls of identify
 m - 4 scrolls of magic mapping
 p - a scroll of noise
 y - 4 scrolls of fear
 E - 3 scrolls of fog
 H - 3 scrolls of teleportation
 O - 6 scrolls of remove curse
 P - a scroll of blinking
Potions
 i - 2 potions of heal wounds
 l - 2 potions of haste
 v - 5 potions of might
 w - 4 potions of curing
 x - 5 potions of stabbing
 K - 3 potions of berserk rage
 M - 3 potions of flight
 T - 4 potions of resistance
Comestibles
 f - 39 rations
 A - 2 chunks of flesh


   Skills:
 + Level 15.9 Fighting
   Level 13.5(16.3) Short Blades
 + Level 16.6(18.5) Long Blades
 + Level 16.2 Armour
 + Level 4.3 Dodging
 + Level 2.7 Stealth
 + Level 19.6 Shields
 + Level 3.6 Invocations
 + Level 0.3 Evocations


You had 16 spell levels left.
You didn't know any spells.
Your spell library contained the following spells:

 Spells                   Type           Power        Failure   Level  Hunger
 Apportation              Tloc           #.....       98%         1    ##.....
 Beastly Appendage        Tmut           #.....       98%         1    ##.....
 Corona                   Hex            #......      98%         1    ##.....
 Infusion                 Chrm           #...         98%         1    ##.....
 Summon Butterflies       Summ           #.......     98%         1    ##.....
 Ensorcelled Hibernation  Hex/Ice        #.....       99%         2    ###....
 Passwall                 Tmut/Erth      #.......     99%         2    ###....
 Song of Slaying          Chrm           #.......     99%         2    ###....
 Sticks to Snakes         Tmut           #.......     99%         2    ###....
 Swiftness                Chrm/Air       #.......     99%         2    ###....
 Confusing Touch          Hex            #.......     100%        3    ####...
 Dazzling Flash           Conj/Hex       #.....       100%        3    ####...
 Lesser Beckoning         Tloc           #.........   100%        3    ####...
 Spectral Weapon          Hex/Chrm       #.......     100%        3    ####...
 Spider Form              Tmut/Pois      #.........   100%        3    ####...
 Static Discharge         Conj/Air       #.......     100%        3    ####...
 Tukima's Dance           Hex            #.......     100%        3    ####...
 Ice Form                 Ice/Tmut       #.......     100%        4    #####..
 Passage of Golubria      Tloc           N/A          100%        4    #####..
 Alistair's Intoxication  Tmut/Pois      #.......     100%        5    ######.
 Blade Hands              Tmut           #.........   100%        5    ######.
 Excruciating Wounds      Chrm/Necr      #.........   100%        5    ######.
 Lee's Rapid Deconstruct  Erth           #.........   100%        5    ######.
 Lightning Bolt           Conj/Air       #.........   100%        5    ######.
 Metabolic Englaciation   Hex/Ice        #.........   100%        5    ######.
 Conjure Ball Lightning   Conj/Air       #.........   100%        6    #######
 Darkness                 Hex            #.........   100%        6    #######
 Freezing Cloud           Conj/Ice/Air   #.........   100%        6    #######
 Invisibility             Hex            #.......     100%        6    #######
 Ozocubu's Refrigeration  Ice            #.........   100%        6    #######
 Simulacrum               Ice/Necr       #.........   100%        6    #######
 Ignition                 Fire           #.........   100%        8    #######
 Shatter                  Erth           #.........   100%        9    #######
 Tornado                  Air            #.........   100%        9    #######


Dungeon Overview and Level Annotations

Branches:
Dungeon (15/15)            Temple (1/1) D:6            Lair (6/6) D:8
  Swamp (3/4) Lair:2       Spider (0/4) Lair:2        Slime (0/5) Lair:5
    Orc (2/2) D:9             Elf (3/3) Orc:2        Vaults (0/5) D:13
 Depths (0/5) D:15          IceCv (visited)         Volcano (visited)

Altars:
Ashenzari
Cheibriados
Elyvilon
Fedhas
Gozag
Hepliaklqana
Kikubaaqudgha
Makhleb
Nemelex Xobeh
Okawaru
Ru
Sif Muna
Trog
Uskayaw
Wu Jian
Xom
Yredelemnul
Zin
The Shining One
Beogh
Jiyva

Shops:
D:4 %   D:7 [   D:12 %}%![   D:15 [   Orc:1 !   Orc:2 !?}[*   Elf:2 !   Elf:3 ?

Portals:
Pandemonium: Orc:2
Trove: D:15 (give +5 demon blade)

Annotations:
D:15 3 runed translucent doors, Dycaefio's ghost, journeyman MiFi


Innate Abilities, Weirdness & Mutations

You reflexively headbutt those who attack you in melee.
You have a pair of horns on your head.


Message History

The spriggan berserker is heavily wounded.
You block the polar bear's attack.
The polar bear claws you but does no damage.
The polar bear closely misses you. The death yak gores you!!
You block the spriggan berserker's attack.
You slash the spriggan berserker!
Lightning courses through the spriggan berserker!
Your headbutt misses the spriggan berserker.
The spriggan berserker is almost dead.
You block the polar bear's attack. x3; The death yak gores you!!
* * * LOW HITPOINT WARNING * * *
The spriggan berserker hits you with a +0 rapier!
* * * LOW HITPOINT WARNING * * *
You miss the spriggan berserker.
Your headbutt misses the spriggan berserker.
The spriggan berserker is almost dead.
You block the polar bear's attack. x2; The polar bear claws you.
* * * LOW HITPOINT WARNING * * *
The death yak gores you!!
You die...

#........( #.
...######. #.#.
###.# #. #...#
..# #. #...# #.
#.... ♣ #.
#...####.# #.
#...i#...+ #.
#..ih@).# #.
##.hY#...+ #.
#..####.# ###
#. #..☼# ♣##.##
#. #..##
##...## #. #..#
#..#..# #.
##.######.###.#
#. #........#
#.######.
##########
#........


You could see a death yak (summoned, berserk), 2 spriggan berserkers and 2 polar
bears.

Vanquished Creatures
  An Ice Fiend (IceCv)
  A tentacled monstrosity (Swamp:3)
  The ghost of Imoorr the Blocker, an adept FoFi of Jiyva (Swamp:2)
  Gastronok (Lair:1)
  Roxanne (Swamp:1)
  An ironheart preserver (D:13)
  Azrael (D:12)
  The ghost of Tali the Cleaver, a journeyman DsBe of Trog (Lair:4)
  Josephine (Orc:2)
  A deep elf high priest (Elf:1)
  An ice dragon (D:9)
  16 hydras
  Harold (D:7)
  A ghost crab (Swamp:2)
  Erica (Lair:2)
  4 centaur warriors
  14 two-headed ogres
  8 dancing weapons
  2 tengu warriors
  10 alligators
  7 death yaks
  2 ogre magi (D:15)
  A death knight (D:12)
  The ghost of barott the Magician, a novice GnEE of Cheibriados (D:8)
  Urug (Orc:2)
  A shock serpent (shapeshifter) (Elf:2)
  5 orc high priests (Orc:2)
  Sonja (D:10)
  A spectral catoblepas (Lair:4)
  3 deep elf knights
  A gelid demonspawn (Orc:2)
  7 swamp dragons
  5 skeletal warriors
  A torturous demonspawn (Orc:2)
  A flayed ghost (D:15)
  2 spectral hydras
  A deep troll (D:14)
  The ghost of DildoBatman the Conjurer, a novice FoWz of Kikubaaqudgha (D:7)
  2 unseen horrors
  A spriggan druid (Swamp:3)
  6 orc knights
  7 deep elf archers
  A necromancer (D:14)
  A wolf spider zombie (D:15)
  44 deep elf magi
  Pikel (D:7)
  7 orc sorcerers (Orc:2)
  A fire giant zombie (D:15)
  A spectral alligator (Swamp:2)
  2 manticores
  An ugly thing (D:9)
  2 salamanders (Volcano)
  2 centaur zombies
  An ice statue (IceCv)
  4 cyclopes
  A black mamba (Lair:3)
  8 elephants
  Psyche (D:11)
  Maggie (D:7)
  An orange demon (Orc:2)
  8 kobold demonologists
  A gargoyle (D:14)
  30 spiny frogs
  6 anaconda simulacra (IceCv)
  9 komodo dragons
  A redback zombie (D:14)
  A yaktaur (D:15)
  A rime drake (Lair:4)
  7 ice devils (IceCv)
  A red devil (Orc:2)
  6 freezing wraiths
  2 tengu conjurers
  A golden dragon simulacrum (IceCv)
  A queen bee (shapeshifter) (Elf:2)
  13 tyrant leeches
  6 trolls
  A polar bear (Lair:3)
  Grinder (D:3)
  2 hornets
  16 blink frogs
  A raiju (shapeshifter) (D:15)
  A spectral dream sheep (Lair:4)
  A spriggan zombie (D:15)
  16 slime creatures
  7 dream sheep (D:11)
  A blink frog (shapeshifter) (Elf:1)
  8 bog bodies
  A fire dragon zombie (D:15)
  9 hippogriffs
  An air elemental (Elf:1)
  5 wraiths
  4 water elementals (D:13)
  7 shadows
  3 hogs (D:7)
  45 yaks
  A spriggan (Swamp:3)
  A vampire (D:9)
  2 wyverns
  3 fire elementals
  2 dire elephant simulacra (IceCv)
  2 basilisks
  2 hungry ghosts
  A fire bat (shapeshifter) (Elf:2)
  Grum (D:7)
  A fire bat (Volcano)
  30 vampire mosquitoes
  2 neqoxecs (Orc:2)
  A steam dragon (D:11)
  A catoblepas simulacrum (Lair:4)
  3 humans
  A chaos spawn (Orc:2)
  2 wargs (Orc:1)
  A death yak simulacrum (IceCv)
  An iron troll simulacrum (IceCv)
  A harpy simulacrum (IceCv)
  8 hell hounds
  2 soldier ants (D:14)
  12 swamp worms
  15 insubstantial wisps
  3 water moccasins
  9 hydra simulacra
  3 acid dragons
  Duvessa (D:4)
  2 porcupines
  5 ice beasts
  4 swamp drakes
  An alligator simulacrum (IceCv)
  2 sky beasts
  2 slaves (D:7)
  44 orc warriors
  2 black bears
  An ettin simulacrum (IceCv)
  11 centaurs
  20 ogres
  2 phantoms
  14 wolves
  6 big kobolds
  8 crocodiles
  4 gnoll sergeants (D:7)
  3 earth elementals
  31 bullfrogs
  A spiny frog simulacrum (Swamp:2)
  Dowan (D:4)
  A wyvern zombie (D:13)
  A yaktaur skeleton (D:15)
  14 killer bees
  5 scorpions
  22 wights
  3 electric eels
  7 howler monkeys
  8 crimson imps
  A draconian simulacrum (IceCv)
  3 bullfrog zombies (D:11)
  6 hounds
  7 quasits
  32 orc priests
  Crazy Yiuf (D:3)
  24 jellies
  2 bullfrog skeletons
  5 centaur skeletons
  A gnoll shaman (D:7)
  6 iguanas
  Ijyb (D:3)
  Natasha (D:4)
  26 orc wizards
  12 worker ants
  A spriggan simulacrum (IceCv)
  2 troll simulacra (IceCv)
  A killer bee zombie (D:8)
  A centaur simulacrum (IceCv)
  A hound zombie (D:11)
  Robin (D:2)
  6 gnolls (D:7)
  2 worker ant zombies
  11 adders
  2 naga simulacra (IceCv)
  2 ogre simulacra (IceCv)
  3 shadow imps
  9 white imps (IceCv)
  8 ufetubi (IceCv)
  3 oozes
  An adder skeleton (D:9)
  6 worms
  A leopard gecko (D:2)
  111 orcs
  3 ball pythons
  6 giant cockroaches
  22 goblins
  10 hobgoblins
  4 jackals
  3 quokkas
  10 bats
  2 frilled lizards
  20 kobolds
  A leopard gecko skeleton (D:5)
  4 rats
  A spectral orc (D:5)
  2 plants (Lair:6)
1155 creatures vanquished.

Vanquished Creatures (others)
  A deep elf mage (Elf:2)
  2 spriggans (Swamp:3)
  A human (D:11)
  A swamp worm (Swamp:3)
  2 slaves (D:7)
  A scorpion (D:7)
  A hound (D:7)
  An orc priest (Orc:2)
  2 gnolls (D:7)
  An orc (Orc:2)
  A jackal (D:7)
  A kobold (D:14)
  A fungus (Lair:6)
  19 plants
35 creatures vanquished.

Grand Total: 1190 creatures vanquished

Notes
Turn   | Place    | Note
-------+----------+-------------------------------------------
     0 | D:1      | Peloso the Minotaur Fighter began the quest for the Orb.
     0 | D:1      | Reached XP level 1. HP: 19/19 MP: 0/0
   262 | D:1      | Reached XP level 2. HP: 27/27 MP: 1/1
   298 | D:1      | Reached skill level 4 in Shields
   618 | D:2      | Reached XP level 3. HP: 33/33 MP: 2/2
  1062 | D:2      | Noticed Robin
  1086 | D:2      | Killed Robin
  1086 | D:2      | Reached XP level 4. HP: 35/40 MP: 3/3
  1435 | D:2      | Reached skill level 1 in Dodging
  1998 | D:3      | You fall into a shaft and drop 2 floors!
  1998 | D:5      | Entered Level 5 of the Dungeon
  2012 | D:5      | Reached XP level 5. HP: 41/46 MP: 4/4
  2221 | D:3      | Noticed Grinder
  2227 | D:3      | Paralysed by Grinder for 6 turns
  2239 | D:3      | Killed Grinder
  2239 | D:3      | Reached skill level 5 in Long Blades
  2239 | D:3      | Reached skill level 5 in Armour
  2239 | D:3      | Reached skill level 5 in Shields
  2239 | D:3      | Reached XP level 6. HP: 28/53 MP: 5/5
  2492 | D:3      | Noticed Ijyb
  2505 | D:3      | Killed Ijyb
  2817 | D:3      | Found a burning altar of Makhleb.
  2937 | D:3      | Reached XP level 7. HP: 52/60 MP: 6/6
  3064 | D:3      | Found a runed translucent door.
  3065 | D:3      | Noticed Crazy Yiuf
  3292 | D:6      | Got a brightly glowing rapier
  3293 | D:6      | Identified the +6 rapier of Texon {pain, *Corrode rN+ Int+3
                  | Dex+3} (You found it on level 6 of the Dungeon)
  3394 | D:4      | Noticed Duvessa
  3395 | D:4      | Noticed Dowan
  3405 | D:4      | Killed Duvessa
  3405 | D:4      | Reached skill level 6 in Shields
  3409 | D:4      | Killed Dowan
  3565 | D:4      | Reached skill level 1 in Short Blades
  3910 | D:4      | Noticed Natasha
  3914 | D:4      | Killed Natasha
  3945 | D:4      | Reached skill level 7 in Shields
  4290 | D:4      | Found Kytuk's Food Emporium.
  4410 | D:5      | Found a basalt altar of Yredelemnul.
  4484 | D:5      | Reached skill level 5 in Fighting
  4810 | D:5      | Noticed a +0 hand axe
  4810 | D:5      | Noticed a +0 dagger
  4811 | D:5      | Found a hide-covered altar of Uskayaw.
  5127 | D:5      | Found a bloodstained altar of Trog.
  5127 | D:5      | Found a hazy altar of Hepliaklqana.
  5439 | D:6      | Reached XP level 8. HP: 31/68 MP: 7/7
  5671 | D:6      | Found an ornate altar of the Wu Jian Council.
  5701 | D:6      | Found a shimmering blue altar of Sif Muna.
  5943 | D:6      | Identified Ygas's Tome of Aerial Aid
  6074 | D:6      | Found an opulent altar of Gozag.
  6220 | D:6      | Found a staircase to the Ecumenical Temple.
  6242 | Temple   | Entered the Ecumenical Temple
  6302 | Temple   | Became a worshipper of Warmaster Okawaru
  6495 | D:7      | Noticed Harold
  6510 | D:7      | Killed Harold
  6510 | D:7      | Reached skill level 5 in Short Blades
  6510 | D:7      | Reached skill level 8 in Shields
  6510 | D:7      | Reached XP level 9. HP: 45/75 MP: 8/8
  6684 | D:7      | Reached * piety under Okawaru
  6724 | D:7      | Noticed Maggie
  6997 | D:7      | Noticed Pikel
  7009 | D:7      | Killed Pikel
  7075 | D:7      | Reached ** piety under Okawaru
  7337 | D:7      | Found Ovizomm's Antique Armour Emporium.
  7358 | D:7      | Noticed Grum
  7360 | D:7      | Noticed DildoBatman's ghost (novice FoWz)
  7404 | D:7      | Got a crude crystal amulet
  7446 | D:8      | Reached skill level 9 in Shields
  7451 | D:8      | Found a transporter.
  7487 | D:8      | Noticed barott's ghost (novice GnEE)
  7605 | D:8      | Found a transporter.
  7711 | D:8      | Reached XP level 10. HP: 73/84 MP: 9/9
  7733 | D:8      | Found a blossoming altar of Fedhas.
  7938 | D:8      | Found a staircase to the Lair.
  8110 | D:8      | Reached *** piety under Okawaru
  8605 | D:9      | Noticed a white ugly thing
  8613 | D:9      | Killed a white ugly thing
  8684 | D:9      | Reached skill level 1 in Invocations
  8709 | D:9      | Found a staircase to the Orcish Mines.
  9450 | D:9      | Noticed a manticore
  9458 | D:9      | Reached **** piety under Okawaru
  9480 | D:9      | Killed a manticore
  9480 | D:9      | Reached skill level 10 in Armour
  9480 | D:9      | Reached skill level 10 in Shields
  9482 | D:9      | Noticed an ice dragon
  9675 | D:8      | Identified the amulet "Atati" {Inacc Str+3} (You found it
                  | on level 7 of the Dungeon)
  9721 | D:10     | Entered Level 10 of the Dungeon
  9721 | D:10     | Noticed Sonja
  9724 | D:10     | Killed Sonja
  9841 | D:10     | Reached skill level 10 in Short Blades
 10129 | D:10     | Reached XP level 11. HP: 79/94 MP: 10/10
 10474 | D:10     | Reached ***** piety under Okawaru
 10690 | D:10     | Reached skill level 1 in Stealth
 10857 | D:11     | Noticed a two-headed ogre
 10868 | D:10     | Killed a two-headed ogre
 10999 | D:11     | Received a gift from Okawaru
 11141 | D:11     | Noticed a soul eater
 11497 | D:10     | Reached skill level 11 in Shields
 11542 | D:11     | Killed an unseen horror
 11768 | D:11     | Noticed a two-headed ogre
 11779 | D:11     | Killed a two-headed ogre
 12217 | D:11     | Noticed an orc knight
 12245 | D:11     | Killed an orc knight
 12552 | D:11     | Noticed a death yak
 12552 | D:11     | Noticed a death yak
 12552 | D:11     | Noticed a death yak
 12557 | D:11     | Noticed a death yak
 12644 | D:11     | Noticed a two-headed ogre
 12645 | D:11     | Noticed Psyche
 12661 | D:11     | Killed Psyche
 12666 | D:11     | Killed a two-headed ogre
 12822 | D:11     | Killed a death yak
 12822 | D:11     | Reached XP level 12. HP: 61/104 MP: 9/12
 12835 | D:11     | Killed a death yak
 12846 | D:11     | Killed a death yak
 13117 | D:11     | Noticed a death yak
 13133 | D:11     | Killed a death yak
 13133 | D:11     | Noticed a death yak
 13134 | D:11     | Noticed a death yak
 13138 | D:11     | Reached skill level 12 in Shields
 13532 | D:10     | Killed a death yak
 13532 | D:10     | Received a gift from Okawaru
 13692 | D:10     | Killed a death yak
 13740 | D:10     | Killed a death yak
 13740 | D:10     | Reached skill level 10 in Fighting
 14206 | Lair:1   | Entered Level 1 of the Lair of Beasts
 14206 | Lair:1   | Noticed an eight-headed hydra
 14227 | Lair:1   | Killed an eight-headed hydra
 14379 | Lair:1   | Noticed Gastronok
 14404 | Lair:1   | Killed Gastronok
 14691 | Lair:1   | Got a pair of warped gloves
 14702 | Lair:1   | Identified the +4 pair of gloves "Liwuveif" {rPois rC+}
                  | (You found it on level 1 of the Lair of Beasts)
 14789 | Lair:1   | Received a gift from Okawaru
 14795 | Lair:1   | Got an iridescent quick blade {god gift}
 14796 | Lair:1   | Identified the +3 quick blade of Youthful Indiscretion
                  | {pain, rF- rN+++ Str+6 SInv} (Okawaru gifted it to you on
                  | level 1 of the Lair of Beasts)
 15556 | Lair:2   | Reached XP level 13. HP: 97/114 MP: 13/13
 16019 | Lair:2   | Found a hole to the Spider Nest.
 16409 | Lair:2   | Noticed Erica
 16432 | Lair:2   | Killed Erica
 16833 | Lair:2   | Found a staircase to the Swamp.
 17045 | Lair:3   | Reached skill level 13 in Shields
 17162 | Lair:3   | Found a dark tunnel.
 17167 | Volcano  | Entered a volcano
 17980 | Lair:3   | Received a gift from Okawaru
 18141 | Lair:3   | Reached skill level 10 in Long Blades
 19018 | Lair:4   | Found a runed translucent gate.
 19018 | Lair:4   | Found a runed translucent gate.
 19018 | Lair:4   | Found a runed translucent gate.
 19018 | Lair:4   | Noticed Tali's ghost (journeyman DsBe)
 20033 | D:12     | Found Xoog Vymeli's Distillery.
 20040 | D:12     | Bought a potion of might for 44 gold pieces
 20058 | D:12     | Found Asemuadio's Antique Armour Shop.
 20077 | D:12     | Bought a crude plate armour for 980 gold pieces
 20090 | D:12     | Identified the +0 plate armour of Raapp {rElec} (You bought
                  | it in a shop on level 12 of the Dungeon)
 21156 | D:12     | Found Vuso's Food Boutique.
 21234 | D:12     | Found Ycloqyti's Gadget Shop.
 21350 | D:12     | Found Baawn's Food Emporium.
 21363 | D:12     | Noticed Azrael
 21392 | D:12     | Killed Azrael
 21799 | D:13     | Reached skill level 14 in Shields
 21881 | D:13     | Reached XP level 14. HP: 111/124 MP: 12/14
 22165 | D:13     | Received a gift from Okawaru
 22464 | D:13     | Found a gate to the Vaults.
 22464 | D:13     | Noticed an ironheart preserver
 22472 | D:13     | Killed an ironheart preserver
 22642 | D:13     | Received a gift from Okawaru
 23517 | D:3      | Killed Crazy Yiuf
 23753 | D:7      | Found a transporter.
 23754 | D:7      | Found a transporter.
 23824 | D:7      | Found an opulent altar of Gozag.
 23825 | D:7      | Found a blossoming altar of Fedhas.
 23827 | D:7      | Found a sacrificial altar of Ru.
 23830 | D:7      | Found a shattered altar of Ashenzari.
 24062 | D:7      | Killed Maggie
 24102 | D:7      | Identified the ring "Hikawnont" {rN++ AC+4 Int-5 Dex+5
                  | SInv}
 24327 | D:7      | Killed DildoBatman's ghost
 24419 | D:7      | Killed Grum
 24586 | D:8      | Killed barott's ghost
 24603 | D:8      | Got the ring "Isi Uzoneh" {Dex+6}
 24617 | D:8      | Identified the ring "Isi Uzoneh" {rPois rF+ rN+ Dex+6
                  | Slay-3} (You found it on level 8 of the Dungeon)
 25072 | Orc:1    | Entered Level 1 of the Orcish Mines
 25611 | Orc:1    | Found Qisupsob's Distillery.
 25805 | Orc:2    | Entered Level 2 of the Orcish Mines
 25837 | Orc:2    | Noticed Urug
 25850 | Orc:2    | Killed Urug
 25952 | Orc:2    | Found a staircase to the Elven Halls.
 26140 | Orc:2    | Found a roughly hewn altar of Beogh.
 26422 | Orc:2    | Found Edghogh's Magic Scroll Emporium.
 26452 | Orc:2    | Noticed Josephine
 26485 | Orc:2    | Killed Josephine
 26485 | Orc:2    | Reached skill level 15 in Shields
 26853 | Orc:2    | Found Xacurin's Distillery.
 27008 | Orc:2    | Found Kuecubo's Assorted Antiques.
 27716 | Orc:2    | Paralysed by an orc sorcerer for 5 turns
 27946 | Orc:2    | Reached ****** piety under Okawaru
 28525 | Orc:2    | Found Ukharghops's Antique Armour Shop.
 28525 | Orc:2    | Found a one-way gate leading to the halls of Pandemonium.
 28525 | Orc:2    | Found Vupte's Gadget Boutique.
 28969 | D:14     | Received a gift from Okawaru
 28969 | D:14     | Reached XP level 15. HP: 133/133 MP: 16/16
 29533 | D:14     | Reached skill level 16 in Shields
 30006 | D:15     | Entered Level 15 of the Dungeon
 30135 | D:15     | Found a portal to a secret trove of treasure.
 30157 | D:15     | Found a staircase to the Depths.
 30840 | D:15     | Found a viscous altar of Jiyva.
 31069 | D:15     | Found Xowniext's Antique Armour Shoppe.
 31233 | D:15     | Received a gift from Okawaru
 31530 | D:15     | Found a runed translucent gate.
 31530 | D:15     | Found a runed translucent gate.
 31533 | D:15     | Found a runed translucent gate.
 31533 | D:15     | Noticed Dycaefio's ghost (journeyman MiFi)
 31580 | D:15     | Reached skill level 17 in Shields
 32121 | Lair:4   | Killed Tali's ghost
 32739 | Lair:5   | Found a staircase to the Slime Pits.
 32835 | Lair:5   | Found an opulent altar of Gozag.
 32995 | Lair:5   | Received a gift from Okawaru
 33394 | Lair:6   | Entered Level 6 of the Lair of Beasts
 33832 | Lair:5   | Reached XP level 16. HP: 128/144 MP: 17/17
 34168 | Lair:6   | Reached skill level 15 in Armour
 34275 | Lair:6   | Got a slimy lead ring
 34277 | Lair:6   | Identified the ring of the Tired People {rPois rF+ rN+ MP+9
                  | SInv} (You found it on level 6 of the Lair of Beasts)
 34284 | Lair:6   | Got a tiger eye-studded scale mail
 34295 | Lair:6   | Identified the cursed +1 scale mail of the Harp {rElec
                  | Dex+4} (You found it on level 6 of the Lair of Beasts)
 34308 | Lair:6   | Got a slimy flail
 34751 | Lair:1   | Identified the +9 flail of Attainder {vamp, rPois} (You
                  | found it on level 6 of the Lair of Beasts)
 35553 | Swamp:1  | Entered Level 1 of the Swamp
 35586 | Swamp:1  | Received a gift from Okawaru
 35817 | Swamp:1  | Noticed Roxanne
 35884 | Swamp:1  | Killed Roxanne
 35940 | Swamp:1  | Reached skill level 15 in Long Blades
 36271 | Swamp:1  | Reached skill level 18 in Shields
 36807 | Swamp:2  | Received a gift from Okawaru
 36886 | Swamp:2  | Found a transporter.
 36889 | Swamp:2  | Noticed Imoorr's ghost (adept FoFi)
 36891 | Swamp:2  | Found a transporter.
 38143 | Swamp:3  | Noticed a tentacled monstrosity
 38154 | Swamp:3  | Killed a tentacled monstrosity
 38465 | Swamp:3  | Found a frozen archway.
 38486 | IceCv    | Entered an ice cave
 38771 | IceCv    | Received a gift from Okawaru
 39413 | IceCv    | Noticed an Ice Fiend
 39438 | IceCv    | Killed an Ice Fiend
 39438 | IceCv    | Reached XP level 17. HP: 101/154 MP: 18/18
 39691 | IceCv    | Got a pair of polished gloves
 39702 | IceCv    | Identified the +1 pair of gloves of Pandemonium {MR- rCorr
                  | Int+3 Slay+5} (You found it in an ice cave)
 39713 | IceCv    | Got an iridescent scythe
 39714 | IceCv    | Identified the +5 scythe "Ikko" {vorpal, rF++} (You found
                  | it in an ice cave)
 39722 | IceCv    | Got an ichor-stained dagger
 41201 | Swamp:3  | Reached skill level 15 in Fighting
 41671 | Swamp:2  | Killed Imoorr's ghost
 41671 | Swamp:2  | Reached skill level 19 in Shields
 41703 | Swamp:2  | Got a pair of shimmering boots
 41714 | Swamp:2  | Identified the +3 pair of boots "Sashu" {rElec rPois MR+++
                  | Str-3} (You found it on level 2 of the Swamp)
 42057 | Lair:1   | Identified the +4 dagger "Xeovvamn" {flame, rPois rF-
                  | Dex+4} (You found it in an ice cave)
 42294 | Elf:1    | Entered Level 1 of the Elven Halls
 44108 | Elf:3    | Entered Level 3 of the Elven Halls
 44113 | Elf:3    | Received a gift from Okawaru
 44138 | Elf:3    | Found Veleykh's Magic Scroll Shoppe.
 44146 | Elf:3    | Bought a scroll of magic mapping for 66 gold pieces
 44146 | Elf:3    | Bought a scroll of magic mapping for 66 gold pieces
 44146 | Elf:3    | Bought a scroll of enchant weapon for 142 gold pieces
 44868 | Elf:2    | Found Lukemosh's Distillery.
 44905 | Elf:2    | Bought a potion of heal wounds for 100 gold pieces
 45034 | Elf:2    | Slain by a death yak

Illustrated notes

Levels and vault maps discovered:
D:1:      lemuel_arrival_cross, layout_rooms, minivault_11
D:2:      layout_loops_corners, st_stairs_10, grunt_ministairs_7, minmay_puff,
          uniq_robin
D:3:      layout_loops_ring, kennysheep_small_spiral,
          makhleb_blood_cavern_becter, uniq_ijyb, uniq_crazy_yiuf_cottage,
          uniq_grinder
D:4:      layout_layer_cave, serial_shops, nicolae_shop_behind_doors,
          kennysheep_big_empty_room, uniq_natasha, uniq_duvessa
D:5:      layout_layer_cave, dancing_weapons_uskayaw,
          gammafunk_temple_overflow_elements,
          yredelemnul_forgotten_temple_becter, first_ration
D:6:      layout_loops_ring, lemuel_blue_sif_altar, overflow_temple_1_default,
          minmay_temple_entry_junction, nicolae_gozag_seed_capital
D:7:      layout_loops_cross, grunt_temple_overflow_cloverleaf,
          gammafunk_ghost_gnarly_gnolls, serial_shops, shop, grunt_livestock,
          uniq_maggie, uniq_pikel, uniq_harold
D:8:      layout_loops_ring, david_lair_shrubbed, gammafunk_ghost_stat_death,
          chequers_serial_rivers_micro_b, fedhas_ov_isle_minmay
D:9:      dragon1_lemuel, layout_rooms, david_orc_2, lightli_orcish_oven
D:10:     layout_roguey, chequers_serial_rivers_micro_b, uniq_sonja
D:11:     slaughterhouse, layout_long_grid, special_room [special_room_orc],
          uniq_psyche
D:12:     layout_loops_ring, serial_shops, shop_fountains, shop, shop,
          shop_statue, shop, uniq_azrael
D:13:     layout_loops_ring, skrybe_vaults_entry_preservation,
          nicolae_underground_beach
D:14:     layout_cave_pools, minmay_misc_feat_nine_boxes
D:15:     gammafunk_depths_entry_grave, layout_rooms, enter_trove_0,
          serial_shops, nicolae_shop_trees, gammafunk_ghost_spectres,
          jiyva_altar_1
Temple:   bh_familiar_temple
Lair:1:   beast_lair_carwin_large_2, layout_cave_pods, serial_bayou_ford_a,
          st_stairs_13, grunt_forest_small_clearing_treed, uniq_gastronok
Lair:2:   layout_chaotic_city, minmay_swamp_entry_worms, spider_nest_entry_webs,
          patterned_corridor, serial_bayou_shore_a, serial_bayou_shore_b,
          grunt_megastairs_2, uniq_erica
Lair:3:   layout_loops_ring, enter_volcano_4
Lair:4:   layout_layer_cave, gammafunk_ghost_necromancy,
          infiniplex_staircase_pool
Lair:5:   layout_cave_pods, minmay_slime_entry_jelly_boxes, basic_altar,
          infiniplex_staircase_pool_2
Lair:6:   minmay_lair_end_frog_pond, layout_regular_city, lemuel_fruit_fields
Swamp:1:  layout_basic_swamp, serial_swamp_ruin, evilmike_swamp_ruin_house_5,
          hangedman_swamp_ruin_wall, evilmike_swamp_ruin_rubble_2, uniq_roxanne
Swamp:2:  layout_falls_marsh, gammafunk_ghost_mausoleum,
          evilmike_swamp_ruin_house_2
Swamp:3:  layout_basic_swamp, portal_ice_cave_entry_frozen_things,
          evilmike_swamp_ruin_house_3
Orc:1:    layout_caves, serial_shops, shop_fountains, nicolae_orc_tapped_out
Orc:2:    pf_orc_diabolical, layout_diamond_mine, basic_altar, serial_shops,
          nicolae_shop_temple_entry_statues_fountains, uniq_urug, uniq_josephine
Elf:1:    elf_arrival_001, layout_geoelf_diagonals, serial_glass,
          glass_columns_c, glass_columns_a, glass_columns_b, glass_columns_c,
          kennysheep_underground_church
Elf:2:    layout_loops_cross, serial_shops, shop, evilmike_spriggan_trog_shrine
Elf:3:    minmay_elf_hall_four_x, layout_onion_city, serial_shops, shop, shop,
          uniq_asterion

Skill      XL: |  1  2  3  4  5  6  7  8  9 10 11 12 13 14 15 16 17 |
---------------+----------------------------------------------------+-----
Armour         | 4 5 6 7 8 10 11 12 13 14 15 16 | 16.2
Shields        | 4 5 7 8 9 10 11 12 14 15 17 18 19 | 19.6
Long Blades    | 3 4 5 6 7 11 13 14 16 | 16.6
Fighting       | 4 5 6 7 9 10 11 12 13 14 15 | 15.9
Dodging        | 1 2 3 4 |  4.3
Short Blades   | 2 5 8 10 11 13 | 13.5
Invocations    | 1 2 3 |  3.6
Stealth        | 1 2 |  2.7
Evocations     | |  0.3

Action                   |  1- 3 |  4- 6 |  7- 9 | 10-12 | 13-15 | 16-18 || total
-------------------------+-------+-------+-------+-------+-------+-------++-------
Melee: Long sword        |    97 |   169 |     3 |    96 |   433 |       ||   798
       Headbutt          |    17 |    41 |    63 |   275 |   572 |   343 ||  1311
       Rapier            |       |       |   231 |   751 |       |       ||   982
       Dagger            |       |       |       |    14 |    12 |       ||    26
       Scimitar          |       |       |       |       |  1279 |   319 ||  1598
       Double sword      |       |       |       |       |       |   835 ||   835
Invok: Heroism           |       |       |       |    13 |    24 |     6 ||    43
       Finesse           |       |       |       |       |     1 |     2 ||     3
Evoke: Wand              |       |       |       |     3 |     1 |       ||     4
  Use: Scroll            |     8 |     2 |     3 |     9 |    13 |    11 ||    46
       Potion            |     2 |     3 |       |       |     3 |     7 ||    15
 Stab: Confused          |       |       |       |       |       |     3 ||     3
       Distracted        |       |       |       |       |       |     1 ||     1
  Eat: Chunk             |     1 |     6 |     8 |    21 |    48 |    24 ||   108
       Ration            |       |       |     2 |     2 |     3 |     4 ||    11
Armor: Scale mail        |    10 |       |       |       |       |       ||    10
       Plate armour      |    63 |    67 |    74 |   291 |   815 |   489 ||  1799
       Chain mail        |       |       |       |       |     4 |       ||     4
Dodge: Dodged            |    17 |    21 |    32 |   170 |   491 |   261 ||   992
       Repelled          |       |       |       |       |     1 |       ||     1
Block: Kite shield       |    68 |    99 |   142 |   453 |  1518 |   873 ||  3153
       Rpst.: Long sword |     3 |     2 |       |     7 |    26 |       ||    38
       Scimitar          |       |       |       |       |    70 |    21 ||    91
       Double sword      |       |       |       |       |       |    34 ||    34
